 Dungeon Crawl Stone Soup version 0.28-a0-863-g8cecda6153 (webtiles) character file.

Game seed: 12238482487008622737

3505 demibob the Grappler (level 9, -3/80 HPs)
             Began as a Troll Monk on Nov 20, 2021.
             Was a Priest of Cheibriados.
             Slain by a two-headed ogre (5 damage)
             ... on level 9 of the Dungeon.
             The game lasted 00:13:20 (7485 turns).

demibob the Grappler (Troll Monk)                   Turns: 7485, Time: 00:13:21

Health: -3/80      AC:  4    Str: 29    XL:     9   Next: 80%
Magic:  8/8        EV: 11    Int: 17    God:    Cheibriados [***...]
Gold:   490        SH:  9    Dex: 20    Spells: 6/8 levels left

rFire   . . .      SeeInvis .     - Unarmed
rCold   + . .      Faith    .   u - +0 kite shield
rNeg    + . .      Spirit   .   s - +0 robe {Will+}
rPois   .          Reflect  .   (helmet restricted)
rElec   .          Harm     .   h - scarf {repulsion}
rCorr   .          Rampage  .   (gloves unavailable)
Will    +....                   (boots unavailable)
Stlth   ++........              (no amulet)
HPRegen 1.23/turn               N - ring of positive energy
MPRegen 0.11/turn               C - ring of protection from cold

@: repel missiles, very slow
A: large, unfitting armour, claws 3, regeneration 1, shaggy fur 1, tough skin 1
a: Renounce Religion, Bend Time, Temporal Distortion


You were on level 9 of the Dungeon.
You worshipped Cheibriados.
Cheibriados was most pleased with you.
You visited 2 branches of the dungeon, and saw 10 of its levels.

You collected 490 gold pieces.


Innate Abilities, Weirdness & Mutations

You are too large for most types of armour.
You have claws for hands.
Your natural rate of healing is unusually fast.
You are covered in fur. (AC +1)
You have tough skin. (AC +1)


   Skills:
 - Level 2.4 Fighting
 - Level 2.9 Throwing
 - Level 5.1 Dodging
 - Level 1.0 Stealth
 + Level 3.5 Shields
 * Level 12.0 Unarmed Combat


You had 6 spell levels left.
You knew the following spells:

 Your Spells              Type           Power      Damage    Failure   Level
e - Ensorcelled Hibernat  Hex/Ice        0%         N/A       75%         2

Your spell library contained the following spells:

 Spells                   Type           Power      Damage    Failure   Level
 Scorch                   Fire           0%         2d5       75%         2
 Spider Form              Tmut/Pois      0%         N/A       92%         3
 Flame Wave               Conj/Fire      0%         3d3       100%        4
 Summon Lightning Spire   Summ/Air       0%         N/A       100%        4
 Summon Cactus Giant      Summ           0%         N/A       100%        6
 Storm Form               Tmut/Air       0%         N/A       100%        7
 Maxwell's Capacitive Co  Air            0%         ∞         100%        8

Inventory:

Hand Weapons
 b - a +1 dagger of electrocution
Missiles
 c - 4 javelins (quivered)
Armour
 h - a scarf of repulsion (worn)
 s - a +0 robe of willpower (worn)
 u - a +0 kite shield (worn)
Jewellery
 C - a ring of protection from cold (right claw)
 N - a ring of positive energy (left claw)
Wands
 l - a wand of paralysis (15)
 o - a wand of iceblast (19)
 q - a wand of flame (12)
 w - a wand of mindburst (7)
 y - a wand of digging (8)
Scrolls
 j - a scroll of enchant weapon
 k - 3 scrolls of blinking
 v - a scroll of torment {unknown}
 z - a scroll of fog
Potions
 a - a potion of resistance {unknown}
 d - a potion of might {unknown}
 e - 3 potions of ambrosia
 f - 2 potions of attraction
 g - 3 potions of curing {@q1}
 i - a potion of mutation
 m - a potion of invisibility {unknown}
 n - 2 potions of magic {unknown}
 p - 4 potions of heal wounds {@q2}
 r - a potion of brilliance {unknown}
 x - a potion of haste {unknown}

Dungeon Overview and Level Annotations

Branches:
Dungeon (9/15)             Temple (1/1) D:6
   Lair: D:8-11         Orc: D:9-12

Altars:
Ashenzari
Cheibriados
Dithmenos
Elyvilon
Gozag
Hepliaklqana
Kikubaaqudgha
Makhleb
Nemelex Xobeh
Okawaru
Ru
Sif Muna
Trog
Vehumet
Wu Jian
Xom
Yredelemnul
The Shining One

Annotations:
D:6 3 runed translucent doors, axecop's ghost, novice DsDe

#.........# #.........#
#.........# ..
##.........# ..#...#
...........# ..#....
...........# .......
#.........# .......
#....O@...###......#
#....Z.............#
#...........)......#
#..........#.......#
#..........#.......#
#..........#.......#
#..........#.......#
#..........#.......####
........#...........


You could see a two-headed ogre and a howler monkey zombie.


Message History

a +0 dagger; a +0 leather armour; a +0 short sword of speed
There is a stone staircase leading down here.
You climb downwards.
There is a stone staircase leading up here.
There is a stone staircase leading up here.
Found a potion of heal wounds.
Found a falchion.
p - 4 potions of heal wounds {@q2} (gained 1)
A howler monkey zombie comes into view.
A howler monkey zombie is nearby!
A two-headed ogre comes into view.
It is wielding a +0 giant club and a +0 giant spiked club.
The two-headed ogre shouts in stereo!
You barely miss the two-headed ogre.
The two-headed ogre hits you with a +0 giant club!
The two-headed ogre hits you with a +0 giant spiked club!!
You mangle the two-headed ogre!!
The two-headed ogre is heavily wounded.
The howler monkey zombie closely misses you.
The two-headed ogre hits you with a +0 giant club!!
* * * LOW HITPOINT WARNING * * *
You block the two-headed ogre's attack.
You scratch the two-headed ogre.
The two-headed ogre is heavily wounded.
You block the howler monkey zombie's attack.
You closely miss the two-headed ogre.
The two-headed ogre is heavily wounded.
The two-headed ogre hits you with a +0 giant club!!
* * * LOW HITPOINT WARNING * * *
The two-headed ogre hits you with a +0 giant spiked club.
You die...

Skill      XL: |  1  2  3  4  5  6  7  8  9 |
---------------+----------------------------+-----
Unarmed Combat | 4 5 6 8 10 12 | 12.0
Dodging        | 3 4 5 |  5.1
Throwing       | 2 |  2.9
Shields        | 3 |  3.5
Fighting       | |  2.4
Stealth        | |  1.0

Action                   |  1- 3 |  4- 6 |  7- 9 || total
-------------------------+-------+-------+-------++-------
Melee: Unarmed           |   103 |   128 |   275 ||   506
       Punch             |       |     2 |     9 ||    11
Throw: Javelin           |       |       |     2 ||     2
  Use: Scroll            |     1 |     9 |     7 ||    17
       Potion            |       |     2 |     1 ||     3
 Stab: Sleeping          |     3 |     4 |     2 ||     9
       Distracted        |       |     1 |     1 ||     2
Armor: Robe              |    30 |    22 |    39 ||    91
Dodge: Dodged            |    37 |    59 |   113 ||   209
       Repelled          |       |       |     2 ||     2
Block: Kite shield       |       |       |    42 ||    42

Levels and vault maps discovered:
D:1:      nicolae_arrival_somewhat_less_tricky_arrival, layout_basic,
          nrook_mini_vaults
D:2:      layout_loops_cross, basic_altar, nicolae_figureground_pulse,
          uniq_robin, uniq_terence
D:3:      layout_basic, nicolae_ru_awakened_eye, minmay_misc_feat_rugged
D:4:      layout_basic, dk_noncrumbling_4, item_on_display_a, uniq_ijyb
D:5:      layout_loops_ring, uniq_duvessa
D:6:      layout_gridville, mainiacjoe_overflow_concentric_impassable,
          mainiacjoe_overflow_boulevard, minmay_temple_entry_mini_moons,
          gammafunk_ghost_necromancy, dk_vineyard_2, minmay_unpleasant_kobolds
D:7:      layout_gridville, minivault_27, minmay_misc_feat_x
D:8:      minmay_the_grid_triangle_9x9_rhombus_full
          [minmay_the_grid_triangle_9x9_zippers_horizontal,
          minmay_the_grid_triangle_9x9_corrupted_corridor,
          minmay_the_grid_triangle_9x9_wacky_v,
          minmay_the_grid_triangle_9x9_checkered,
          minmay_the_grid_triangle_9x9_sprig,
          minmay_the_grid_triangle_9x9_skeleton,
          minmay_the_grid_triangle_9x9_longest,
          minmay_the_grid_triangle_9x9_prize_top_heavy], layout_loops_ring,
          mainiacjoe_overflow_surrounded_room, mainiacjoe_overflow_paths,
          chequers_serial_rivers_room_a
D:9:      layout_long_grid, nicolae_qazlal_style_of_elements,
          mainiacjoe_overflow_big_doors, mainiacjoe_overflow_catwalk_spiral
Temple:   minmay_temple_bridge_abc

Notes
Turn   | Place    | Note
-------+----------+-------------------------------------------
     0 | D:1      | demibob the Troll Monk began the quest for the Orb.
     0 | D:1      | Reached XP level 1. HP: 22/22 MP: 0/0
   154 | D:1      | Reached XP level 2. HP: 29/29 MP: 1/1
   604 | D:1      | Reached XP level 3. HP: 36/36 MP: 2/2
   899 | D:2      | Reached skill level 4 in Unarmed Combat
  1082 | D:2      | Found a burning altar of Makhleb.
  1212 | D:2      | Noticed Robin
  1291 | D:2      | Reached skill level 3 in Dodging
  1295 | D:2      | Noticed Terence
  1300 | D:2      | Killed Robin
  1301 | D:2      | Reached XP level 4. HP: 23/44 MP: 3/3
  1310 | D:2      | Killed Terence
  1783 | D:3      | Found a sacrificial altar of Ru.
  1920 | D:3      | Reached skill level 5 in Unarmed Combat
  1979 | D:3      | Reached XP level 5. HP: 50/50 MP: 4/4
  2599 | D:4      | Noticed Ijyb
  2609 | D:4      | Killed Ijyb
  2918 | D:4      | Reached XP level 6. HP: 59/59 MP: 5/5
  3204 | D:5      | Entered Level 5 of the Dungeon
  3204 | D:5      | Noticed Duvessa
  3204 | D:5      | Noticed Dowan
  3399 | D:5      | Reached skill level 6 in Unarmed Combat
  3473 | D:4      | Identified a scroll of acquirement
  3473 | D:4      | Acquired a scarf of repulsion
  3705 | D:5      | Reached skill level 4 in Dodging
  3739 | D:5      | Reached XP level 7. HP: 66/66 MP: 6/6
  3760 | D:5      | Reached skill level 7 in Unarmed Combat
  3863 | D:5      | Killed Duvessa
  3865 | D:5      | Killed Dowan
  4159 | D:6      | Found a broken altar of Ashenzari.
  4174 | D:6      | Reached skill level 5 in Dodging
  4174 | D:6      | Reached skill level 8 in Unarmed Combat
  4185 | D:6      | Found a staircase to the Ecumenical Temple.
  4201 | D:6      | Reached XP level 8. HP: 43/74 MP: 7/7
  4211 | Temple   | Entered the Ecumenical Temple
  4619 | D:6      | Reached skill level 9 in Unarmed Combat
  4629 | D:6      | Found a snail-covered altar of Cheibriados.
  4650 | D:6      | Became a worshipper of Cheibriados the Contemplative
  4650 | D:6      | Reached * piety under Cheibriados
  4650 | D:6      | Reached ** piety under Cheibriados
  4880 | D:6      | Reached skill level 1 in Throwing
  4967 | D:6      | Found a runed translucent gate.
  4967 | D:6      | Found a runed translucent gate.
  4967 | D:6      | Found a runed translucent gate.
  4967 | D:6      | Noticed axecop's ghost (novice DsDe)
  5577 | D:7      | Reached skill level 2 in Throwing
  5597 | D:7      | Reached skill level 10 in Unarmed Combat
  6333 | D:7      | Reached XP level 9. HP: 80/80 MP: 8/8
  6336 | D:7      | Learned a level 2 spell: Ensorcelled Hibernation
  6550 | D:8      | Found an ancient bone altar of Kikubaaqudgha.
  6584 | D:8      | Reached skill level 1 in Shields
  6807 | D:8      | Reached *** piety under Cheibriados
  6821 | D:8      | Paralysed by a kobold for 4 turns
  6997 | D:8      | Paralysed by a hornet for 2 turns
  7002 | D:8      | Reached skill level 2 in Shields
  7002 | D:8      | Reached skill level 11 in Unarmed Combat
  7053 | D:8      | Found a shimmering blue altar of Sif Muna.
  7348 | D:8      | Noticed a kobold demonologist
  7353 | D:8      | Killed a kobold demonologist
  7354 | D:8      | Reached skill level 3 in Shields
  7385 | D:8      | Reached skill level 12 in Unarmed Combat
  7414 | D:8      | Found the +3 Elemental Staff {rElec rF++ rC++ AC+5}
  7418 | D:8      | Noticed a manticore
  7418 | D:8      | Noticed a meliai
  7418 | D:8      | Noticed a centaur warrior
  7418 | D:8      | Noticed a catoblepas
  7418 | D:8      | Noticed a brown ugly thing
  7418 | D:8      | Noticed a tengu warrior
  7479 | D:9      | Noticed a two-headed ogre
  7485 | D:9      | HP: 2/80 [two-headed ogre (18)]
  7485 | D:9      | Slain by a two-headed ogre

Vanquished Creatures
  A kobold demonologist (D:8)
  A hornet (D:8)
  A yak (D:8)
  Duvessa (D:5)
  A water moccasin (D:7)
  2 sky beasts
  2 orc warriors
  2 ogres (D:5)
  A necrophage (D:7)
  A centaur (D:5)
  A kobold brigand (D:8)
  A bullfrog (D:8)
  2 gnoll sergeants
  2 scorpions (D:6)
  A wyvern zombie (D:8)
  A water moccasin zombie (D:6)
  Dowan (D:5)
  A water moccasin skeleton (D:6)
  6 wights
  5 howler monkeys
  A bullfrog zombie (D:5)
  A centaur zombie (D:7)
  2 hounds
  A jelly (D:8)
  3 orc priests (D:8)
  2 gnoll shamans (D:8)
  5 iguanas
  Ijyb (D:4)
  Terence (D:2)
  9 orc wizards
  A killer bee zombie (D:7)
  A howler monkey zombie (D:8)
  Robin (D:2)
  11 gnolls
  5 adders
  An ufetubus (D:5)
  2 worms
  12 orcs
  11 ball pythons
  4 endoplasms
  6 giant cockroaches
  21 goblins
  6 hobgoblins
  3 quokkas
  2 bats
  5 frilled lizards
  21 kobolds
  5 rats
178 creatures vanquished.

Table legend: (Time is in decaauts)
 A = Elapsed time spent in this place.
 B = Non-inter-level travel time spent in this place.
 C = Inter-level travel time spent in this place.
 D = Time resting spent in this place.
 E = Time spent auto-exploring this place.
 F = Levels seen in this place.
 G = Mean time per level.
                   A        B        C        D        E       F      G
               +--------+--------+--------+--------+--------+-----+--------+
         Total |   8627 |   7922 |    705 |    509 |   6025 |  10 |  862.7 |
       Dungeon |   8318 |   7630 |    688 |    434 |   5837 |   9 |  924.2 |
        Temple |    308 |    291 |     17 |     75 |    188 |   1 |  308.0 |
               +--------+--------+--------+--------+--------+-----+--------+

Top non-repeatable levels by time:
     D:8: 1471 daAuts
     D:7: 1243 daAuts
     D:6: 1208 daAuts
     D:4: 1044 daAuts
     D:5: 952 daAuts
     D:2: 853 daAuts
     D:1: 852 daAuts
     D:3: 640 daAuts
  Temple: 308 daAuts
     D:9: 51 daAuts

Table legend:
 A = Non-vault XP
 B = Vault XP
 C = Vault XP percentage of total XP
 D = Non-vault monster count
 E = Vault monster count
 F = Vault count percentage of total count
                 A         B        C        D         E       F
            +---------+---------+-------+---------+---------+-------
      Total |    3490 |    1518 |  30.3 |     143 |      35 |  19.7
            +---------+---------+-------+---------+---------+-------
        D:1 |      42 |       0 |   0.0 |      27 |       0 |   0.0
        D:2 |      37 |      72 |  66.1 |      16 |      13 |  44.8
        D:3 |      50 |       0 |   0.0 |      14 |       0 |   0.0
        D:4 |     179 |      36 |  16.7 |      19 |       1 |   5.0
        D:5 |     649 |     220 |  25.3 |      12 |       2 |  14.3
        D:6 |     681 |       8 |   1.2 |      12 |       6 |  33.3
        D:7 |     771 |       0 |   0.0 |      14 |       0 |   0.0
        D:8 |     916 |    1182 |  56.3 |      27 |      13 |  32.5
     Temple |     165 |       0 |   0.0 |       2 |       0 |   0.0
            +---------+---------+-------+---------+---------+-------
